 Dungeon Crawl Stone Soup version bcrawl-1.18 (webtiles) character file.

Game seed: 7849549435656084381

1954 Morbidden the Carver (level 8, 66/66 HPs)
             Began as a Demigod Archaeologist on Oct 31, 2019.
             Quit the game on level 6 of the Dungeon.
             The game lasted 00:24:20 (7986 turns).

Morbidden the Carver (Demigod Archaeologist)        Turns: 7986, Time: 00:24:20

Health: 66/66      AC: 22    Str: 19    XL:     8   Next: 99%
Magic:  20/20      EV:  3    Int: 18    God:    Demigod [****..]
Gold:   369        SH:  3    Dex: 19    Spells: 7/7 levels left

rFire    + . .     SeeInvis .   f - -1 butterfly sword {speed, MR+ *Curse} (curse)
rCold    + . .     Gourm    .   (shield currently unavailable)
rNeg     . . .     Faith    .   l - +0 gold dragon scales (curse)
rPois    +         Spirit   .   c - +1 hat
rElec    .         Reflect  .   (no cloak)
rCorr    +         Harm     .   w - +0 pair of gloves "Leacu" {rCorr Dex+4} (curse)
MR       +....                  d - +1 pair of boots
Stlth    ..........             (no amulet)
HPRegen  0.21/turn              j - ring of magical power
MPRegen  0.17/turn              v - +3 ring of protection

@: no status effects
A: high mp 1
a: Temporal Distortion, Growth, Major Destruction, Heroism


You were on level 6 of the Dungeon.
You worshipped Demigod.
Demigod was greatly pleased with you.
You were not hungry.

You visited 1 branch of the dungeon, and saw 6 of its levels.
You also visited: Sewer.

You collected 369 gold pieces.

Inventory:

Hand Weapons
 f - the cursed -1 butterfly sword (weapon) {speed, MR+ *Curse} Attacks with this weapon are significantly faster. It affects your resistance to hostile enchantments. It curses itself when equipped. It has a curse placed upon it.
 t - a +0 long sword
Missiles
 s - 2 throwing nets (quivered) {!f}
Armour
 c - a +1 hat (worn)
 d - a +1 pair of boots (worn)
 l - cursed +0 gold dragon scales (worn)
 w - the cursed +0 pair of gloves "Leacu" (worn) {rCorr Dex+4}
   (You found it on level 6 of the Dungeon)

   It affects your dexterity (+4).
   It provides partial protection from all sources of acid and corrosion.
   It has a curse placed upon it.
Jewellery
 j - a ring of magical power (left hand)
 n - an uncursed ring of poison resistance
 p - an uncursed ring of wizardry
 v - a +3 ring of protection (right hand)
Scrolls
 b - 3 scrolls of teleportation
 i - 5 scrolls of remove curse
 k - 2 scrolls of fog
 r - 4 scrolls of identify
 y - a scroll of amnesia {unknown}
 A - a scroll of acquirement {unknown}
Potions
 a - 9 potions of curing {unknown}
 e - a potion of cancellation {unknown}
 h - a potion of mutation
 m - a potion of brilliance {unknown}
 o - 3 potions of flight {unknown}
 q - 4 potions of heal wounds {unknown}
 u - a potion of lignification
 x - a potion of invisibility {unknown}
 z - a potion of might {unknown}
Comestibles
 g - 5 rations {!d}


   Skills:
 + Level 4.2 Fighting
   Level 3.1(6.2) Short Blades
 * Level 8.4(8.7) Long Blades
   Level 1.4 Maces & Flails
 + Level 4.9 Armour
 - Level 3.1 Dodging
 - Level 3.3 Stealth
 + Level 0.3 Unarmed Combat
 * Level 0.2 Invocations


You had 7 spell levels left.
You didn't know any spells.
Your spell library contained the following spells:

 Spells                   Type           Power        Failure   Level  Hunger
 Sting                    Conj/Pois      #...         100%        1    ##.....
 Poisonous Vapours        Pois/Air       #.....       100%        2    ###....
 Confuse                  Hex            #.......     100%        3    ####...
 Dazzling Spray           Conj/Hex       #.....       100%        3    ####...
 Ignite Poison            Fire/Tmut/Pois #.......     100%        3    ####...
 Olgreb's Toxic Radiance  Pois           #.......     100%        4    #####..
 Petrify                  Tmut/Erth      #.......     100%        4    #####..
 Summon Scorpions         Summ/Pois      #.......     100%        4    #####..
 Yara's Violent Unravell  Hex/Tmut       #.........   100%        4    #####..
 Metabolic Englaciation   Hex/Ice        #.........   100%        5    ######.
 Venom Bolt               Conj/Pois      #.........   100%        5    ######.
 Mana Rupture             Conj/Hex       #.........   100%        7    #######


Dungeon Overview and Level Annotations

Branches:
Dungeon (6/12)             Temple (0/1) D:5

Shops:
D:4 :


Innate Abilities, Weirdness & Mutations

You have an increased reservoir of magic. (+10% MP)


Message History

You open the door.
There is an open door here.
Some of the chunks of flesh in your inventory have rotted away.
Things that are here:
9 poisoned needles; a +0 blowgun You open the door.
There is an open door here.
All of the chunks of flesh in your inventory have rotted away.
x - a lumpy brown potion No target in view!
No target in view!
Key pressed, stopping explore.
No target in view!
There is an open door here.
Key pressed, stopping explore.
No target in view!
Unknown command.
No target in view!
Unknown command.
Are you sure you want to abandon this character and quit the game? (Confirm with "yes".)

# #.....................
############.####...........#.#..
.............# #................
##.#####################.##.#....
##.########............#.........
##....)##....##........#.##......
##.###.##....##........#.##....#.
##.# #.##.....#........#.........
##.###.##.....##@#######.##..#.#.
##.#.............######........#.
.................................
##.#.#.####)#.####.####........#.
.#.#.#.#...))...........##.....##
.#.#........)....................
.#...#.#.##.######.########...###
##...............................
##...#.#....[.......#######......


There were no monsters in sight!

Vanquished Creatures
  2 sky beasts (D:3)
  An ogre (D:5)
  3 centaurs
  2 bullfrogs
  4 big kobolds
  2 crimson imps
  A centaur skeleton (D:5)
  3 hounds (D:5)
  A jelly (D:5)
  2 orc priests (D:6)
  4 orc wizards
  A bullfrog skeleton (D:6)
  Terence (D:2)
  3 worker ants
  Natasha (thrice) (D:3)
  An iguana (D:6)
  A killer bee zombie (D:3)
  A hound zombie (D:6)
  Robin (D:4)
  A hound skeleton (D:6)
  7 river rats (Sewer)
  8 adders
  A shadow imp (D:6)
  2 oozes
  An adder zombie (D:6)
  An adder skeleton (D:5)
  A worm (D:2)
  A dart slug (D:3)
  5 leopard geckos (D:1)
  19 orcs
  3 giant cockroaches
  17 goblins
  9 hobgoblins
  6 jackals
  24 kobolds
  2 quokkas
  9 ball pythons
  3 bats
  3 frilled lizards
  21 rats
181 creatures vanquished.

Vanquished Creatures (others)
  Blork the orc (D:5)
1 creature vanquished.

Grand Total: 182 creatures vanquished

Notes
Turn   | Place    | Note
-------+----------+-------------------------------------------
     0 | D:1      | Morbidden the Demigod Archaeologist began the quest for the
                  | Orb.
     0 | D:1      | Reached XP level 1. HP: 15/15 MP: 3/3
    11 | D:1      | Reached skill level 1 in Fighting
   236 | D:1      | Reached XP level 2. HP: 17/23 MP: 4/4
   679 | D:1      | Reached skill level 1 in Maces & Flails
  1332 | D:2      | Reached XP level 3. HP: 25/28 MP: 5/5
  1718 | D:2      | Noticed Terence
  1760 | D:2      | Killed Terence
  1760 | D:2      | Reached skill level 1 in Long Blades
  1760 | D:2      | Reached skill level 1 in Armour
  1760 | D:2      | Reached XP level 4. HP: 26/36 MP: 6/6
  2077 | D:2      | Found a bloodstained altar of Trog.
  2111 | D:2      | Reached * piety under Demigod
  2352 | D:3      | Reached XP level 5. HP: 41/41 MP: 7/7
  2359 | D:3      | Reached skill level 2 in Long Blades
  2577 | D:3      | Reached skill level 1 in Short Blades
  2599 | D:3      | Noticed Natasha
  2934 | D:3      | Killed Natasha
  3139 | D:3      | Noticed Natasha
  3165 | D:3      | Killed Natasha
  3249 | D:3      | Noticed a sky beast
  3419 | D:3      | Noticed Natasha
  3494 | D:3      | Killed a sky beast
  3494 | D:3      | Reached skill level 3 in Long Blades
  3494 | D:3      | Reached XP level 6. HP: 26/50 MP: 8/8
  3510 | D:3      | Killed Natasha
  3833 | D:3      | Found a faded altar of an unknown god.
  4044 | D:4      | Noticed a sky beast
  4133 | D:3      | Killed a sky beast
  4270 | D:4      | Found Ruwnoj Xuko's Book Shoppe.
  4342 | D:4      | Noticed Robin
  4389 | D:4      | Reached ** piety under Demigod
  4701 | D:4      | Killed Robin
  4701 | D:4      | Reached XP level 7. HP: 56/56 MP: 9/9
  4755 | D:4      | Found a white marble altar of Elyvilon.
  4792 | D:4      | Reached skill level 4 in Long Blades
  5050 | D:5      | Entered Level 5 of the Dungeon
  5636 | D:5      | Noticed Blork the orc
  5663 | D:5      | Killed Blork the orc
  5663 | D:5      | Reached skill level 5 in Long Blades
  5781 | D:5      | Reached XP level 8. HP: 62/63 MP: 10/10
  5799 | D:5      | Reached skill level 6 in Long Blades
  5902 | D:5      | Found a staircase to the Ecumenical Temple.
  6532 | D:6      | Got a pair of faintly glowing gloves
  6538 | D:6      | Identified the cursed +0 pair of gloves "Leacu" {rCorr
                  | Dex+4} (You found it on level 6 of the Dungeon)
  6594 | D:6      | Reached skill level 7 in Long Blades
  6645 | D:6      | Found a glowing drain.
  6677 | Sewer    | Entered a sewer
  6695 | Sewer    | Reached *** piety under Demigod
  6954 | Sewer    | Reached skill level 8 in Long Blades
  7037 | Sewer    | Reached **** piety under Demigod
  7404 | D:6      | Found a shadowy altar of Dithmenos.
  7986 | D:6      | Quit the game

Skill      XL: |  1  2  3  4  5  6  7  8 |
---------------+-------------------------+-----
Fighting       | 1 2 3 4 |  4.2
Maces & Flails | 1 |  1.4
Dodging        | 3 |  3.1
Long Blades    | 1 3 5 8 |  8.4
Armour         | 1 2 3 4 |  4.9
Short Blades   | 2 3 |  3.1
Stealth        | |  3.3
Unarmed Combat | |  0.3
Invocations    | |  0.2

Action                   |  1- 3 |  4- 6 |  7- 9 || total
-------------------------+-------+-------+-------++-------
Melee: Whip              |   225 |     2 |       ||   227
       Dagger            |       |   604 |    37 ||   641
       Unarmed           |       |    12 |       ||    12
       Long sword        |       |       |   154 ||   154
       Great sword       |       |       |   224 ||   224
Throw: Throwing net      |       |       |     1 ||     1
  Use: Scroll            |     6 |     2 |     3 ||    11
       Potion            |       |     2 |       ||     2
 Stab: Sleeping          |     2 |       |       ||     2
       Held in net/web   |       |       |     1 ||     1
  Eat: Chunk             |     3 |     8 |    11 ||    22
       Ration            |       |     2 |       ||     2
Armor: Robe              |    11 |       |       ||    11
       Gold dragon scale |   212 |   532 |   342 ||  1086
       Skin              |       |    36 |       ||    36
Dodge: Dodged            |    45 |    85 |    73 ||   203
Block: Other             |       |       |    19 ||    19
